 Dungeon Crawl Stone Soup version 0.30-a0-311-gf115ab0292 (webtiles) character file.

Game seed: 9120161834448849173

329 koil the Trooper (level 6, -4/84 HPs)
             Began as a Hill Orc Berserker on Oct 25, 2022.
             Was a Believer of Trog.
             Slain by an ogre
             ... wielding a +0 giant club
              (20 damage)
             ... on level 4 of the Dungeon.
             The game lasted 00:09:39 (3110 turns).

koil the Trooper (Hill Orc Berserker)               Turns: 3110, Time: 00:09:40

Health: -4/84      AC:  8    Str: 22    XL:     6   Next: 50%
Magic:  6/6        EV: 10    Int: 10    God:    Trog [**....]
Gold:   259        SH:  0    Dex: 10    Spells: 5/5 levels left

rFire   . . .      SeeInvis .    a - +8 hammer "Ageothad" {flame, +Blink rN+ rCorr Int-3}
rCold   . . .      Faith    .    (no shield)
rNeg    + . .      Spirit   .    l - +0 scale mail
rPois   .          Reflect  .    (helmet restricted)
rElec   .          Harm     .    (no cloak)
rCorr   +          Rampage  .    q - +0 pair of gloves
Will    ++...                    (no boots)
Stlth   ..........               w - amulet of the acrobat
HPRegen 1.34/turn                y - +6 ring of intelligence
MPRegen 0.10/turn                (no ring)

@: berserking, strong-willed, regenerating, very quick
A: horns 1, noise suppression
a: Renounce Religion, Evoke Blink, Berserk, Trog's Hand


You were on level 4 of the Dungeon.
You worshipped Trog.
Trog was pleased with you.
You visited 1 branch of the dungeon, and saw 4 of its levels.

You collected 259 gold pieces.

Inventory:

Hand Weapons
 a - the +8 hammer "Ageothad" (weapon) {flame, +Blink rN+ rCorr Int-3}
   (You found it on level 2 of the Dungeon)

   It burns those it strikes, dealing additional fire damage.
   Int:       It affects your intelligence (-3).
   rN:        It protects you from negative energy.
   +Blink:    It lets you blink.
   rCorr:     It protects you from acid and corrosion.
 r - a +4 quarterstaff of chaos
 t - a +0 hand axe
 u - a +2 hammer of venom
 x - a +0 hand axe of freezing
Missiles
 o - 3 poisoned darts (quivered)
Armour
 b - a +0 animal skin
 h - a +0 ring mail
 l - a +0 scale mail (worn)
 q - a +0 pair of gloves (worn)
 s - a +0 cloak
Jewellery
 w - an amulet of the acrobat (around neck)
 y - a +6 ring of intelligence (left hand)
Wands
 n - a wand of flame (16)
Scrolls
 d - 3 scrolls of magic mapping {unknown}
 e - 6 scrolls of identify {unknown}
 f - a scroll of amnesia {unknown}
 g - a scroll of teleportation {unknown}
 p - a scroll of blinking {unknown}
 v - a scroll of vulnerability {unknown}
Potions
 c - 2 potions of mutation
 i - 2 potions of brilliance {unknown}
 k - 2 potions of lignification {unknown}
 m - 2 potions of invisibility {unknown}
 z - a potion of degeneration {unknown}
 A - a potion of ambrosia {unknown}
 B - a potion of haste {unknown}


   Skills:
 + Level 5.0 Fighting
 - Level 4.9(5.1) Axes
 + Level 1.6(3.1) Maces & Flails
 + Level 3.8 Armour
 + Level 2.9 Dodging
 + Level 2.2 Evocations


You had 5 spell levels left.
You didn't know any spells.
Your spell library was empty.

Dungeon Overview and Level Annotations

Branches:
Dungeon (4/15)             Temple (0/1) D:4

Altars:
Ashenzari
Elyvilon
Nemelex Xobeh


Innate Abilities, Weirdness & Mutations

You have a pair of small horns on your head.
You passively dampen the noise of your surroundings.


Message History

You open the door.
There is an open door here.
A ball python comes into view.
The ball python hisses angrily.
You thump the ball python! You burn the ball python.
You kill the ball python!
Trog accepts your kill.
No target in view!
No target in view!
An ogre comes into view. It is wielding a +0 giant club.
The ogre shouts!
The ogre completely misses you.
You hit the ogre. You burn the ogre.
The ogre is lightly wounded.
You barely miss the ogre.
The ogre is lightly wounded.
The ogre hits you with a +0 giant club!!
Ouch! That really hurt!
You are too injured to fight recklessly!
You are too injured to fight recklessly!
Unknown command.
The ogre attacks as you move away! The ogre completely misses you.
Throw: throwing net
Press: ? - help, Q - select action, (/) - cycle Shift-Dir - straight line, f - ogre
Aim: an ogre, wielding a +0 giant club (lightly wounded, 73% to hit)
You throw a throwing net.
The throwing net closely misses the ogre.
The ogre attacks as you move away!
The ogre hits you with a +0 giant club!!
* * * LOW HITPOINT WARNING * * *
It was a potion of mutation.
You feel extremely strange.
You feel your surroundings grow quieter.
A pair of horns grows on your head! The ogre barely misses you.
Your skin crawls.
You feel strong-willed.
A red film seems to cover your vision as you go berserk!
You feel yourself moving faster!
You feel mighty!
The ogre hits you with a +0 giant club!!
You die...

#.#.#.##.#.#........# #........
#.#.#.##.#.##'####### #........
#.#.#.##'#....# #........
#.#.#.......####### #........
#.#...............######........
#.#........#####....)..<.#####.#
#..........# #.........# #.#
###.......######.........# #.#
#.(.........O@.........# #.#
####...#########..........## #.#
...............#............ ..#
.#############.#..........#######
.#####.......#.#.................
.......##....#.#..........#######
#########.####.#..........#
...............#.########.#######
.#........######.#######.........


You could see an ogre.

Vanquished Creatures
  A bullfrog (D:4)
  3 hounds (D:4)
  Crazy Yiuf (D:2)
  Terence (D:2)
  4 adders
  2 worms
  A dart slug (D:1)
  8 orcs
  4 endoplasms
  2 giant cockroaches
  4 goblins
  10 hobgoblins
  6 jackals
  A kobold (D:2)
  2 quokkas
  9 ball pythons
  7 bats
  A frilled lizard (D:2)
  4 rats (D:1)
71 creatures vanquished.

Vanquished Creatures (others)
  4 fungi (D:2)
4 creatures vanquished.

Grand Total: 75 creatures vanquished

Notes
Turn   | Place    | Note
-------+----------+-------------------------------------------
     0 | D:1      | koil the Hill Orc Berserker began the quest for the Orb.
     0 | D:1      | Reached XP level 1. HP: 19/19 MP: 1/1
    65 | D:1      | Reached XP level 2. HP: 7/27 MP: 2/2
   356 | D:1      | Reached skill level 4 in Fighting
   463 | D:1      | Reached XP level 3. HP: 30/33 MP: 3/3
   824 | D:2      | Reached ** piety under Trog
  1252 | D:2      | Reached XP level 4. HP: 40/40 MP: 4/4
  1281 | D:2      | Noticed Terence
  1296 | D:2      | Killed Terence
  1341 | D:2      | Reached skill level 1 in Evocations
  1486 | D:2      | Found a faded altar of an unknown god.
  1543 | D:2      | Found a runed translucent door.
  1544 | D:2      | Noticed Crazy Yiuf
  1557 | D:2      | Killed Crazy Yiuf
  1558 | D:2      | Reached XP level 5. HP: 36/47 MP: 5/5
  1569 | D:2      | Identified the +8 hammer "Ageothad" {flame, +Blink rN+
                  | rCorr Int-3}
  1704 | D:3      | Found a broken altar of Ashenzari.
  2012 | D:3      | Found a white marble altar of Elyvilon.
  2182 | D:4      | Found a staircase to the Ecumenical Temple.
  2208 | D:4      | Reached skill level 1 in Maces & Flails
  2208 | D:4      | Reached XP level 6. HP: 20/53 MP: 6/6
  2567 | D:4      | Reached skill level 5 in Fighting
  2669 | D:4      | Found a sparkling altar of Nemelex Xobeh.
  3108 | D:4      | Gained mutation: You passively dampen the noise of your
                  | surroundings. [potion of mutation]
  3108 | D:4      | Gained mutation: You have a pair of small horns on your
                  | head. [potion of mutation]
  3110 | D:4      | Slain by an ogre

Illustrated notes

Levels and vault maps discovered:
D:1:      minmay_arrival_stone_box, layout_rooms, chequers_serial_rivers_small_3
D:2:      wander_river, layout_basic, dilly_ecumenical_altar_fadedgnrine,
          uniq_terence, uniq_crazy_yiuf_cottage
D:3:      layout_rooms, amcnicky_altar_gilded, nicolae_ashenzari_panopticon
D:4:      layout_basic, nemelex_diamond_rough_becter, minmay_temple_entry_arrows

Skill      XL: |  1  2  3  4  5  6 |
---------------+-------------------+-----
Fighting       | 4 5 |  5.0
Dodging        | 2 |  2.9
Armour         | 3 |  3.8
Evocations     | 1 2 |  2.2
Maces & Flails | 1 |  1.6
Axes           | |  4.9

Action                   |  1- 3 |  4- 6 || total
-------------------------+-------+-------++-------
Melee: Hand axe          |   124 |    33 ||   157
       Punch             |     1 |       ||     1
       Mace              |       |    59 ||    59
Throw: Throwing net      |       |     2 ||     2
Invok: Berserk           |       |     2 ||     2
       Trog's Hand       |       |     1 ||     1
  Use: Potion            |       |     1 ||     1
Armor: Animal skin       |    19 |       ||    19
       Ring mail         |    12 |       ||    12
       Scale mail        |    37 |    33 ||    70
Dodge: Dodged            |    96 |    59 ||   155

Table legend: (Time is in decaauts)
 A = Elapsed time spent in this place.
 B = Non-inter-level travel time spent in this place.
 C = Inter-level travel time spent in this place.
 D = Time resting spent in this place.
 E = Time spent auto-exploring this place.
 F = Levels seen in this place.
 G = Mean time per level.
                   A        B        C        D        E       F      G
               +--------+--------+--------+--------+--------+-----+--------+
         Total |   3177 |   3133 |     44 |      0 |   2524 |   4 |  794.2 |
       Dungeon |   3177 |   3133 |     44 |      0 |   2524 |   4 |  794.2 |
               +--------+--------+--------+--------+--------+-----+--------+

Top non-repeatable levels by time:
     D:2: 964 daAuts
     D:4: 963 daAuts
     D:1: 740 daAuts
     D:3: 508 daAuts
